 Dungeon Crawl Stone Soup version 0.26-a0-812-g31a745ddcd (webtiles) character file.

Game seed: 4597948764967395238

27910 Borgoz the Fighter (level 13, -16/117 HPs)
             Began as a Ghoul Monk on Dec 6, 2020.
             Was a High Priest of Okawaru.
             Shot with a bolt by a yaktaur (20 damage)
             ... on level 13 of the Dungeon.
             The game lasted 00:24:23 (17977 turns).

Borgoz the Fighter (Ghoul Monk)                    Turns: 17977, Time: 00:24:24

Health: -16/117    AC: 13    Str: 22    XL:     13   Next: 35%
Magic:  2/17       EV: 26    Int:  5    God:    Okawaru [*****.]
Gold:   390        SH:  0    Dex: 21    Spells: 13/16 levels left

rFire    + . .     SeeInvis .     - Unarmed
rCold    + + .     Faith    .   (no shield)
rNeg     + + +     Spirit   .   z - +0 acid dragon scales
rPois    ∞         Reflect  .   B - +0 helmet (curse)
rElec    .         Harm     .   e - scarf {rC+ rF+}
rCorr    +         Rampage  +   (no gloves)
MR       .....                  D - +1 pair of boots {rampage}
Stlth    ++++......             (no amulet)
HPRegen  0.00/turn              j - +6 ring of dexterity
MPRegen  0.15/turn              u - +6 ring of strength

@: heroism
A: rotting body, claws 1, cold resistance 1, negative energy resistance 3,
inhibited regeneration, torment resistance, unbreathing
a: Heroism, Finesse, Renounce Religion


You were on level 13 of the Dungeon.
You worshipped Okawaru.
Okawaru was extremely pleased with you.
You visited 2 branches of the dungeon, and saw 14 of its levels.
You also visited: Sewer.

You collected 690 gold pieces.
You spent 300 gold pieces at shops.

Inventory:

Missiles
 F - a throwing net (quivered)
Armour
 e - a scarf of resistance (worn)
 z - +0 acid dragon scales (worn)
 B - a cursed +0 helmet (worn)
 C - a +2 chain mail of magic resistance
 D - a +1 pair of boots of rampaging (worn)
Jewellery
 j - a +6 ring of dexterity (left claw)
 l - a +6 ring of intelligence
 s - an uncursed ring of see invisible
 u - a +6 ring of strength (right claw)
 G - an uncursed ring of positive energy {unknown}
 H - an uncursed ring of protection from magic {unknown}
Wands
 f - a wand of flame (33)
 g - a wand of acid (12)
 i - a wand of digging (3)
 q - a wand of iceblast (2)
 t - a wand of paralysis (31)
 y - a wand of random effects (29)
Scrolls
 c - 7 scrolls of teleportation
 d - 3 scrolls of enchant armour
 k - 2 scrolls of blinking
 m - a scroll of enchant weapon
 x - 4 scrolls of remove curse
Potions
 a - a potion of flight
 b - a potion of magic
 h - 3 potions of curing
 n - 3 potions of brilliance
 o - 3 potions of heal wounds
 r - 2 potions of resistance
 v - a potion of ambrosia
 w - a potion of cancellation
 E - a potion of haste


   Skills:
 + Level 11.7(16.7) Fighting
 * Level 8.1(13.1) Armour
 * Level 11.0(16.0) Dodging
 - Level 2.1(7.1) Stealth
 + Level 11.6(16.6) Unarmed Combat
 + Level 2.4 Spellcasting
 + Level 2.5 Hexes
 + Level 6.8 Invocations
 - Level 3.0 Evocations


You had 13 spell levels left.
You knew the following spells:

 Your Spells              Type           Power        Failure   Level
a - Confusing Touch       Hex            #.......     47%         3

Your spell library contained the following spells:

 Spells                   Type           Power        Failure   Level
 Sandblast                Erth           #.....       45%         1
 Passwall                 Tmut/Erth      #.......     58%         2
 Gell's Gravitas          Tloc           #.........   83%         3
 Stone Arrow              Conj/Erth      #.....       83%         3
 Petrify                  Tmut/Erth      #.......     99%         4
 Bolt of Magma            Conj/Fire/Erth #.........   100%        5
 Iskenderun's Battlesphe  Conj           #.......     100%        5
 Lee's Rapid Deconstruct  Erth           #.........   100%        5
 Metabolic Englaciation   Hex/Ice        #.........   100%        5
 Yara's Violent Unravell  Hex/Tmut       #.........   100%        5
 Iron Shot                Conj/Erth      #.........   100%        6
 Orb of Destruction       Conj           #.........   100%        7
 Spellforged Servitor     Conj/Summ      #.........   100%        7


Dungeon Overview and Level Annotations

Branches:
Dungeon (13/15)            Temple (1/1) D:7            Lair (0/6) D:11
    Orc (0/2) D:9           Sewer (visited)
 Vaults: D:13-14

Altars:
Ashenzari
Cheibriados
Dithmenos
Elyvilon
Fedhas
Gozag
Hepliaklqana
Kikubaaqudgha
Makhleb
Nemelex Xobeh
Okawaru
Qazlal
Ru
Sif Muna
Trog
Uskayaw
Vehumet
Wu Jian
Xom
Yredelemnul
Zin
The Shining One

Shops:
D:8 (   D:11 :

Portals:
Gauntlet: D:13

Annotations:
D:11 3 runed translucent doors, MoonlitKnight's ghost, journeyman HOMo


Innate Abilities, Weirdness & Mutations

Your body is rotting away.
You thrive by killing the living.
You are immune to poison.
You have sharp fingernails.
Your flesh is cold resistant. (rC+)
You are immune to negative energy. (rN+++)
You do not regenerate when monsters are visible.
You are immune to unholy pain and torment.
You can survive without breathing.


Message History

Okawaru accepts your kill.
You hear a shout!
The yaktaur shoots a bolt.
The bolt hits you!!
A centaur warrior comes into view.
You hear a shout!
You see here a bolt.
You are too injured to fight recklessly!
The centaur warrior wields a +0 shortbow.
The centaur warrior shoots an arrow.
The arrow completely misses you.
The yaktaur shoots a bolt.
The bolt hits you!!
* * * LOW HITPOINT WARNING * * *
The yaktaur shoots a bolt.
The bolt hits you!
* * * LOW HITPOINT WARNING * * *
You hear a roar!
You see here 3 bolts.
A centaur comes into view.
The centaur warrior shoots an arrow.
The arrow hits you!
* * * LOW HITPOINT WARNING * * *
The yaktaur shoots a bolt.
The bolt hits you!!
You die...

,,*,,,,,,,,,,*#..................
,,*,,,,,*############'#......?...
,,*,,,,,*.$.....)(....#......)...
,,*,,,,,+.......(.....#.....#####
,,+,,,,,*........####.#.....#****
,,*,,,,,*.###....# #.#......+,,,
,,*,,,,,*.###..((####.########,,,
,,*******.......(.......,,,,,*,,,
,,*******######.@#######,,,,,*,,,
,,*,,,,,*,,,,,#)(#,,,,∩*,,,,,*,,,
,,*>,,,,*,,*,*#(.#*,*,,*,,,,,*,,,
,,*,,,,,*,*,*,#..#,*,*,*****,*,,,
,,*,,,,,*,,**,#..#,**,,*****,*,,,
,,*,,,,,*,*,,,cocc,,,*,*,>,,,+,,,
,,*,,,,,*****.#..#.******+****,,,
*,+,,,,,,,,,,....c..,,,,,,,,**,,,
,,*+***,,,,,.,....,..,,,,,,,**,,,


You could see a centaur warrior, 2 yaktaurs, an orc warrior and a centaur
(wandering).

Vanquished Creatures
  Josephine (D:12)
  Fannar (D:12)
  A boulder beetle (D:12)
  2 hydras (D:11)
  A two-headed ogre (D:10)
  Urug (D:12)
  2 unseen horrors (D:12)
  5 skeletal warriors (D:11)
  Pikel (D:8)
  An orc knight (D:12)
  4 ugly things
  A deep elf mage (D:13)
  2 cyclopes (D:11)
  Maurice (D:10)
  2 manticores
  Psyche (D:9)
  Maggie (D:8)
  A kobold demonologist (D:8)
  Prince Ribbit (D:5)
  8 slime creatures
  Sigmund (D:6)
  9 yaks
  A wyvern (D:12)
  3 wraiths (D:12)
  Edmund (D:6)
  An acid dragon (D:11)
  A water moccasin (D:7)
  13 orc warriors
  A black bear (D:10)
  3 sky beasts
  3 phantoms
  5 ice beasts
  An eye of draining (D:13)
  A necrophage (D:10)
  9 ogres
  5 centaurs
  13 big kobolds
  7 bullfrogs
  6 scorpions
  11 killer bees
  11 wights
  7 howler monkeys
  2 centaur zombies
  2 quasits (D:10)
  3 bullfrog zombies
  3 jellies
  7 hounds
  3 centaur skeletons
  8 orc priests
  4 bullfrog skeletons
  Jessica (D:2)
  4 iguanas
  11 orc wizards
  8 worker ants
  A statue (D:9)
  A hound zombie (D:8)
  A worker ant zombie (D:5)
  10 gnolls
  A howler monkey skeleton (D:10)
  15 adders
  2 shadow imps (D:6)
  2 white imps
  7 oozes
  2 adder skeletons
  An adder zombie (D:5)
  2 worms (D:2)
  5 dart slugs
  9 leopard geckos
  47 orcs
  4 ball pythons
  8 bats
  16 giant cockroaches
  10 goblins
  4 hobgoblins
  23 jackals
  3 quokkas
  8 frilled lizards
  14 kobolds
  2 quokka skeletons
  A quokka zombie (D:9)
  4 rats (D:3)
  A spectral orc (D:8)
411 creatures vanquished.

Notes
Turn   | Place    | Note
-------+----------+-------------------------------------------
     0 | D:1      | Borgoz the Ghoul Monk began the quest for the Orb.
     0 | D:1      | Reached XP level 1. HP: 19/19 MP: 0/0
    37 | D:1      | Reached XP level 2. HP: 20/26 MP: 1/1
   221 | D:1      | Reached XP level 3. HP: 33/33 MP: 2/2
   922 | D:2      | Reached XP level 4. HP: 40/40 MP: 3/3
  1090 | D:2      | Reached skill level 1 in Armour
  1187 | D:2      | Reached XP level 5. HP: 17/46 MP: 4/4
  1571 | D:2      | Noticed Jessica
  1581 | D:2      | Killed Jessica
  1767 | D:2      | HP: 1/47 [gnoll/+0 spear (5)]
  2563 | D:3      | Reached XP level 6. HP: 44/53 MP: 5/5
  3631 | D:3      | Reached skill level 5 in Fighting
  3649 | D:4      | Reached skill level 5 in Unarmed Combat
  4055 | D:4      | Reached XP level 7. HP: 46/61 MP: 6/6
  4305 | D:5      | Entered Level 5 of the Dungeon
  4440 | D:5      | Noticed Prince Ribbit
  4457 | D:5      | HP: 2/61 [Prince Ribbit (14)]
  4762 | D:5      | Found a glowing drain.
  4766 | Sewer    | Entered a sewer
  5048 | Sewer    | Reached skill level 5 in Dodging
  5450 | D:5      | Reached XP level 8. HP: 70/70 MP: 7/7
  5616 | D:5      | Killed Prince Ribbit
  6174 | D:6      | Noticed Edmund
  6195 | D:6      | Killed Edmund
  6503 | D:6      | Noticed Sigmund
  6513 | D:6      | Killed Sigmund
  6666 | D:6      | Reached XP level 9. HP: 79/79 MP: 8/8
  6792 | D:6      | Found a burning altar of Makhleb.
  7183 | D:7      | Found a sparkling altar of Nemelex Xobeh.
  7243 | D:7      | Found an iron altar of Okawaru.
  7299 | D:7      | Became a worshipper of Warmaster Okawaru
  7299 | D:7      | Reached * piety under Okawaru
  7299 | D:7      | Reached ** piety under Okawaru
  7468 | D:7      | Found a staircase to the Ecumenical Temple.
  7545 | Temple   | Entered the Ecumenical Temple
  8783 | D:8      | Noticed a kobold demonologist
  8791 | D:8      | Noticed a hellwing
  8799 | D:8      | Killed a kobold demonologist
  8799 | D:8      | Reached *** piety under Okawaru
  8810 | D:8      | Reached XP level 10. HP: 76/90 MP: 7/9
  8851 | D:8      | Reached skill level 1 in Invocations
  8877 | D:8      | Reached skill level 1 in Evocations
  8993 | D:8      | Found Loefriz's Antique Weapon Boutique.
  9183 | D:8      | Found a basalt altar of Yredelemnul.
  9527 | D:9      | Found a shimmering altar of Xom.
  9542 | D:9      | Found a shimmering altar of Xom.
  9598 | D:9      | Found a shimmering altar of Xom.
  9598 | D:9      | Found a shimmering altar of Xom.
  9598 | D:9      | Found a shimmering altar of Xom.
  9602 | D:9      | Found a shimmering altar of Xom.
  9602 | D:9      | Found a shimmering altar of Xom.
  9643 | D:9      | Reached **** piety under Okawaru
  9650 | D:9      | Reached skill level 5 in Armour
  9927 | D:9      | Found a staircase to the Orcish Mines.
  9934 | D:9      | Noticed Maggie
  9937 | D:9      | Noticed Pikel
  9951 | D:8      | Killed Maggie
 10501 | D:8      | Killed Pikel
 10541 | D:8      | Reached ***** piety under Okawaru
 10560 | D:8      | Reached XP level 11. HP: 58/99 MP: 12/12
 10817 | D:9      | Reached skill level 10 in Fighting
 10833 | D:9      | Reached skill level 10 in Unarmed Combat
 10967 | D:9      | Noticed Psyche
 10976 | D:9      | Killed Psyche
 11243 | D:9      | Found a radiant altar of Vehumet.
 11451 | D:10     | Entered Level 10 of the Dungeon
 12020 | D:10     | Noticed a two-headed ogre
 12028 | D:10     | Killed a two-headed ogre
 12330 | D:10     | Received a gift from Okawaru
 12547 | D:10     | Noticed Maurice
 12558 | D:10     | Killed Maurice
 12990 | D:11     | Noticed a red ugly thing
 12999 | D:11     | Killed a red ugly thing
 13060 | D:11     | Noticed a five-headed hydra
 13068 | D:11     | Killed a five-headed hydra
 13254 | D:11     | Found a blossoming altar of Fedhas.
 13254 | D:11     | Noticed a cyclops
 13260 | D:11     | Killed a cyclops
 13265 | D:11     | Noticed a cyclops
 13275 | D:11     | Killed a cyclops
 13275 | D:11     | Received a gift from Okawaru
 13275 | D:11     | Reached XP level 12. HP: 108/108 MP: 14/14
 13284 | D:11     | Reached skill level 5 in Invocations
 13516 | D:11     | HP: 5/108 [skeletal warrior/+0 short sword[a skeletal
                  | warrior] (3)]
 13966 | D:11     | Reached skill level 10 in Dodging
 14541 | D:11     | Found Gyman's Book Shoppe.
 14545 | D:11     | Bought a book of Misfortune for 300 gold pieces
 14549 | D:11     | Learned a level 3 spell: Confusing Touch
 14674 | D:11     | Found a runed translucent gate.
 14674 | D:11     | Found a runed translucent gate.
 14674 | D:11     | Found a runed translucent gate.
 14675 | D:11     | Noticed MoonlitKnight's ghost (journeyman HOMo)
 14676 | D:11     | Found an opulent altar of Gozag.
 14677 | D:11     | Noticed a deep elf annihilator
 14713 | D:11     | Found a staircase to the Lair.
 14861 | D:11     | Noticed a six-headed hydra
 14873 | D:11     | Killed a six-headed hydra
 15292 | D:11     | Received a gift from Okawaru
 15829 | D:12     | Noticed Josephine
 15836 | D:12     | Reached skill level 1 in Hexes
 15843 | D:12     | Killed Josephine
 15843 | D:12     | Reached skill level 1 in Spellcasting
 16235 | D:12     | Noticed Fannar
 16249 | D:12     | Killed Fannar
 16287 | D:12     | Found a shadowy altar of Dithmenos.
 16364 | D:12     | Noticed Urug
 16374 | D:12     | Killed Urug
 16463 | D:12     | Reached XP level 13. HP: 35/116 MP: 13/16
 17912 | D:13     | Found a gate leading to a gauntlet.
 17966 | D:13     | Received a gift from Okawaru
 17977 | D:13     | HP: 4/117 [centaur warrior/arrow (15)]
 17977 | D:13     | Shot with a bolt by a yaktaur

Illustrated notes

Levels and vault maps discovered:
D:1:      lightli_arrival_lavapool, layout_loops_ring, minmay_pentomino_w4
D:2:      layout_loops_cross, minmay_misc_feat_alley, uniq_jessica
D:3:      layout_loops_cross, fountainhead, st_stairs_10,
          grunt_decor_mini_mirrors, minmay_stone_trees_medium,
          amethyst_killhole, minmay_vboxes
D:4:      layout_cave_pools, kennysheep_cross_room
D:5:      layout_basic, gup_sewer_entry_spiral, uniq_prince_ribbit1
D:6:      layout_gridville, kennysheep_decorative_pillar,
          makhleb_heckhound_becter, uniq_sigmund, uniq_edmund
D:7:      layout_basic, kennysheep_mini_moat, kennysheep_mini,
          minmay_temple_entry_enclosed_plants, kennysheep_generic_room_13
D:8:      layout_rooms, yredelemnul_forgotten_temple_becter, serial_shops, shop,
          special_room [special_room_kobold], nrook_campfire
D:9:      layout_cross, vehumet_statue, nicolae_xom_altar_mimics, orc_0_dummy,
          chequers_serial_rivers_marsh, uniq_maggie, uniq_psyche, uniq_pikel
D:10:     layout_roguey, uniq_maurice
D:11:     layout_basic, lair_entry_dummy, basic_altar, ebering_ghost_gozag,
          serial_shops, shop, hangedman_decor_growths
D:12:     layout_grid_maze, special_room [special_room_orc],
          nicolae_dithmenos_shadow_blocks, uniq_urug, uniq_fannar,
          uniq_josephine
D:13:     layout_stronghold, hangedman_vaults_entry_quadrant_bands,
          gauntlet_entry_generic, chequers_serial_rivers_room_a
Temple:   minmay_temple_bridge_d

Skill      XL: |  1  2  3  4  5  6  7  8  9 10 11 12 13 |
---------------+----------------------------------------+-----
Dodging        | 3 4 5 6 7 8 9 10 11 | 11.0
Fighting       | 4 5 6 7 8 9 10 11 | 11.7
Unarmed Combat | 4 5 6 7 8 9 10 11 | 11.6
Armour         | 1 2 3 4 5 6 7 8 |  8.1
Invocations    | 2 4 6 |  6.8
Evocations     | 2 3 |  3.0
Hexes          | 1 2 |  2.5
Spellcasting   | 1 2 |  2.4
Stealth        | |  2.1

Action                   |  1- 3 |  4- 6 |  7- 9 | 10-12 | 13-15 || total
-------------------------+-------+-------+-------+-------+-------++-------
Melee: Unarmed           |    92 |   308 |   447 |   791 |   135 ||  1773
       Punch             |       |     5 |    16 |    63 |     7 ||    91
Throw: Throwing net      |       |       |     3 |       |       ||     3
Invok: Heroism           |       |       |     2 |    18 |     3 ||    23
Evoke: Wand              |       |       |     1 |     4 |     4 ||     9
  Use: Scroll            |       |    10 |    10 |     7 |     2 ||    29
       Potion            |       |     1 |     5 |     1 |       ||     7
 Stab: Sleeping          |     4 |     2 |     2 |     7 |     2 ||    17
       Held in net/web   |       |       |     3 |       |       ||     3
       Distracted        |       |       |     2 |     1 |       ||     3
       Paralysed         |       |       |     5 |     7 |       ||    12
Armor: Robe              |    11 |    25 |       |       |       ||    36
       Ring mail         |       |    64 |    81 |    25 |       ||   170
       Acid dragon scale |       |       |       |   144 |    41 ||   185
Dodge: Dodged            |    61 |   247 |   271 |   697 |   132 ||  1408

Table legend: (Time is in decaauts)
 A = Elapsed time spent in this place.
 B = Non-inter-level travel time spent in this place.
 C = Inter-level travel time spent in this place.
 D = Time resting spent in this place.
 E = Time spent auto-exploring this place.
 F = Levels seen in this place.
 G = Mean time per level.
                   A        B        C        D        E       F      G
               +--------+--------+--------+--------+--------+-----+--------+
         Total |  17805 |  17132 |    673 |   6146 |   8012 |  15 | 1187.0 |
       Dungeon |  17035 |  16371 |    664 |   6146 |   7359 |  13 | 1310.4 |
        Temple |    231 |    222 |      9 |      0 |    222 |   1 |  231.0 |
         Sewer |    538 |    538 |      0 |      0 |    430 |   1 |  538.0 |
               +--------+--------+--------+--------+--------+-----+--------+

Top non-repeatable levels by time:
    D:11: 2493 daAuts
     D:8: 2228 daAuts
    D:10: 1936 daAuts
    D:12: 1836 daAuts
     D:5: 1344 daAuts
     D:1: 1281 daAuts
     D:2: 1236 daAuts
     D:9: 1139 daAuts
     D:3: 1090 daAuts
     D:6: 895 daAuts
     D:7: 777 daAuts
     D:4: 689 daAuts
   Sewer: 538 daAuts
  Temple: 231 daAuts
    D:13: 86 daAuts
